 Dungeon Crawl Stone Soup version 0.14.2 (webtiles) character file.

1603 Amnesiac the Prestidigitator (level 8, 0/40 HPs)
             Began as a Spriggan Artificer on Feb 4, 2018.
             Was a High Priest of Nemelex Xobeh.
             Slain by an elephant (14 damage)
             ... summoned by the player character
             ... on Level 6 of the Dungeon.
             The game lasted 00:21:35 (6590 turns).

Amnesiac the Prestidigitator (Spriggan Artificer)   Turns: 6590, Time: 00:21:35

HP   0/40        AC  3     Str  7      XL: 8   Next: 37%
MP  24/24        EV 27     Int 16      God: Nemelex Xobeh [*****.]
Gold 248         SH  0     Dex 19      Spells:  0 memorised,  7 levels left

rFire  . . .     SeeInvis +     l - plain deck of summonings {drawn: 9}
rCold  + . .     Clarity  .     e - +0 robe
rNeg   . . .     Conserve .     (shield restricted)
rPois  .         rCorr    .     (helmet restricted)
rElec  .         rRot     .     s - +0 cloak
SustAb . .       Spirit   .     (gloves unavailable)
rMut   .         Warding  .     (boots unavailable)
Saprov . . .     Stasis   .     (no amulet)
MR     +....                    w - ring of protection from cold {unknown}
                                k - +3 ring of intelligence

@: very quick, somewhat resistant to hostile enchantments, fairly stealthy
A: unfitting armour, see invisible, herbivore 3, speed 3, slow metabolism 2
a: Draw One, Peek at Two, Triple Draw, Deal Four, Stack Five, Renounce Religion


You were on level 6 of the Dungeon.
You worshipped Nemelex Xobeh.
Nemelex Xobeh was extremely pleased with you.
You were full.

You visited 1 branch of the dungeon, and saw 6 of its levels.

You collected 248 gold pieces.

Inventory:

Hand weapons
 a - a +2,+2 short sword of speed
 b - a +0 blowgun
Missiles
 q - 35 poisoned needles
Armour
 e - a +0 robe (worn)
 s - a +0 cloak (worn)
Magical devices
 c - a wand of enslavement (12)
Comestibles
 r - 2 bread rations
Scrolls
 d - 3 scrolls of enchant weapon II {!r}
 g - 2 scrolls of enchant weapon I {!r}
 j - 3 scrolls of remove curse {!r}
 p - 2 scrolls of teleportation {!r}
 u - a scroll of fear {!r}
 C - a scroll of blinking {!r}
Jewellery
 k - a +3 ring of intelligence (left hand)
 w - a ring of protection from cold (right hand) {unknown}
 z - an uncursed amulet of inaccuracy {unknown}
Potions
 m - 2 potions of heal wounds {!q}
 n - a potion of brilliance {!q, unknown}
 o - 2 potions of curing {!q}
 t - a potion of magic {!q, unknown}
 v - a potion of mutation {!q, unknown}
 B - 2 potions of might {!q, unknown}
Miscellaneous
 f - an ornate deck of escape {drawn: 3}
 h - a plain deck of wonders {drawn: 2}
 l - a plain deck of summonings {drawn: 9} (in hand)
 y - a plain deck of summonings {drawn: 3}


   Skills:
 + Level 3.2 Fighting
 - Level 2.0 Short Blades
 + Level 9.9 Dodging
 - Level 1.5 Stealth
 + Level 10.1 Evocations


You had 7 spell levels left.
You didn't know any spells.

Dungeon Overview and Level Annotations

Branches:
Dungeon (6/15)
 Temple: D:4-7

Altars:
Ashenzari
Cheibriados
Dithmenos
Elyvilon
Kikubaaqudgha
Nemelex Xobeh


Innate Abilities, Weirdness & Mutations

You are tiny and cannot use many weapons and most armour.
You have supernaturally acute eyesight.
You are a herbivore.
You cover ground extremely quickly.
You need consume almost no food.


Message History

The goblin misses you.
Drop what? (_ for help) (? for menu, Esc to quit)
Okay, then.
Your hands tingle!
a - a +2,+2 short sword of speed (weapon)
The goblin completely misses you.
You hit the goblin.
The goblin is moderately wounded.
The goblin misses you.
You hit the goblin.
The goblin is heavily wounded.
You hit the goblin.
You kill the goblin!
No target in view!
No target in view!
Things that are here:
a runed dagger; a goblin corpse
i - a runed dagger Wield which item (- for none, * to show all)? (? for menu, Esc to quit)
You feel a dreadful hunger.
i - a +0,+2 vampiric dagger (weapon)
Drop what? (_ for help) (? for menu, Esc to quit)
Really unwield
i - a +0,+2 vampiric dagger? [Y]es or [N]o only, please.
Really unwield
i - a +0,+2 vampiric dagger?
Okay, then.
Wield which item (- for none, * to show all)? (? for menu, Esc to quit)
Really unwield
i - a +0,+2 vampiric dagger?
You feel the dreadful sensation subside.
Your hands tingle!
a - a +2,+2 short sword of speed (weapon)
Drop what? (_ for help) (? for menu, Esc to quit)
You drop a +0,+2 vampiric dagger.
You offer a prayer to Nemelex Xobeh.
The +0,+2 vampiric dagger glows slightly and disappears.
The goblin corpse disappears without a glow.
Nemelex Xobeh is extremely pleased with you.
A killer bee comes into view.
A killer bee is nearby!
A killer bee is nearby!
Wield which item (- for none, * to show all)? (? for menu, Esc to quit)
h - a plain deck of cards (in hand) {god gift} You draw a card...
It is the Helix.
This is a plain deck of wonders {drawn: 1}.
You feel weaker.
You draw a card...
It is the Helix.
You feel stronger.
Wield which item (- for none, * to show all)? (? for menu, Esc to quit)
Okay, then.
Unknown command.
Wield which item (- for none, * to show all)? (? for menu, Esc to quit)
l - a plain deck of summonings {drawn: 7} (in hand)
You draw a card...
It is the Herd.
The killer bee misses you.
You draw a card...
It is the Herd.
The killer bee completely misses you. The killer bee barely misses you.
The elephant tramples you!
You hold your ground!
The elephant closely misses you.
There is a stone staircase leading up here.
The killer bee misses you. The killer bee stings you!
* * * LOW HITPOINT WARNING * * *
The hound bites you.
* * * LOW HITPOINT WARNING * * *
The elephant tramples you!
You die...
Your body glows with a rainbow of weird colours and disappears.

....... . ........ #..#
.......?# #..+ .........#
#..# #.........# #..#
#.........# #..#
#.........#########..#
#.......kh...........####
#.......@Y...............
#........h.......###.####
#.###+#..........###.#
#..........###.#
#...........#..#
#...........#..#
#.########.._..# #.#
#..#..# #.# #..#..#


You could see an elephant, a hog, a hound and a killer bee.

Vanquished Creatures
  2 phantoms
  A sky beast (D:5)
  2 ogres
  Sigmund (D:2)
  7 scorpions
  A crimson imp (D:6)
  2 orc priests (D:4)
  2 hounds (D:4)
  Ijyb (D:3)
  Jessica (D:2)
  3 adders
  2 giant mites
  3 worms
  2 giant geckos
  An ooze (D:3)
  10 orcs
  2 ball pythons
  6 giant cockroaches
  6 hobgoblins
  12 jackals
  3 quokkas
  12 bats
  7 giant newts
  A giant newt skeleton (D:4)
  9 goblins
  9 kobolds
  2 kobold skeletons
  16 rats
126 creatures vanquished.

Vanquished Creatures (collateral kills)
  The ghost of KristoblXynda the Prestidigitator, an experienced SpAr (D:5)
  A hellwing (D:5)
  A necrophage (D:6)
  A centaur (D:5)
  A scorpion (D:4)
  A centaur zombie (D:6)
  A worker ant (D:6)
  3 giant mites
  2 worms
  An orc (D:4)
  A bat (D:4)
  A goblin (D:4)
15 creatures vanquished.

Vanquished Creatures (others)
  2 dancing weapons (D:5)
  A black bear (D:5)
  A fungus (D:4)
4 creatures vanquished.

Grand Total: 145 creatures vanquished

Notes
Turn   | Place    | Note
--------------------------------------------------------------
     0 | D:1      | Amnesiac, the Spriggan Artificer, began the quest for the Orb.
     0 | D:1      | Reached XP level 1. HP: 9/9 MP: 2/2
   262 | D:2      | Found a white marble altar of Elyvilon.
   265 | D:2      | Found a sparkling altar of Nemelex Xobeh.
   267 | D:2      | Found a snail-covered altar of Cheibriados.
   268 | D:2      | Found an ancient bone altar of Kikubaaqudgha.
   273 | D:2      | Became a worshipper of Nemelex Xobeh the Trickster
   307 | D:2      | Noticed Jessica
   323 | D:2      | Reached skill level 5 in Evocations
   323 | D:2      | Reached XP level 2. HP: 14/14 MP: 5/5
   326 | D:2      | Killed Jessica
   326 | D:2      | Reached skill level 6 in Evocations
   326 | D:2      | Reached XP level 3. HP: 17/17 MP: 7/9
   383 | D:2      | Received a gift from Nemelex Xobeh
  1025 | D:2      | Noticed Sigmund
  1033 | D:2      | Acquired Nemelex Xobeh's first power
  1034 | D:2      | Killed Sigmund
  1034 | D:2      | Reached skill level 7 in Evocations
  1034 | D:2      | Reached XP level 4. HP: 21/21 MP: 13/13
  1054 | D:2      | Reached skill level 8 in Evocations
  1060 | D:2      | Found a shadowy altar of Dithmenos.
  1312 | D:2      | Reached XP level 5. HP: 20/25 MP: 16/16
  2047 | D:3      | Received a gift from Nemelex Xobeh
  2070 | D:3      | Acquired Nemelex Xobeh's second power
  2352 | D:3      | Noticed Ijyb
  2356 | D:3      | Killed Ijyb
  2871 | D:3      | Noticed an ogre
  2873 | D:3      | Killed an ogre
  2873 | D:3      | Reached XP level 6. HP: 29/29 MP: 19/19
  3006 | D:4      | HP: 1/29 [centaur/arrow of frost (14)]
  3341 | D:5      | Entered Level 5 of the Dungeon
  3346 | D:5      | Noticed KristoblXynda's ghost (experienced SpAr)
  3632 | D:4      | Acquired Nemelex Xobeh's third power
  3742 | D:4      | Reached XP level 7. HP: 26/32 MP: 21/21
  3754 | D:4      | Reached skill level 1 in Fighting
  4190 | D:4      | Received a gift from Nemelex Xobeh
  4662 | D:4      | Acquired Nemelex Xobeh's fourth power
  4671 | D:4      | Reached skill level 9 in Evocations
  4674 | D:4      | Received a gift from Nemelex Xobeh
  5150 | D:5      | Received a gift from Nemelex Xobeh
  5166 | D:5      | Killed KristoblXynda's ghost
  5424 | D:5      | Noticed a hellwing
  5554 | D:6      | Acquired Nemelex Xobeh's fifth power
  5554 | D:6      | Received a gift from Nemelex Xobeh
  5618 | D:6      | Reached XP level 8. HP: 36/39 MP: 23/23
  5826 | D:6      | Found a shattered altar of Ashenzari.
  6375 | D:5      | Reached skill level 10 in Evocations
  6431 | D:5      | Killed a hellwing
  6568 | D:6      | Received a gift from Nemelex Xobeh
  6583 | D:6      | Gained mutation: You are weak. (Str -2) [helix card]
  6584 | D:6      | Lost mutation: You are weak. (Str -2) [helix card]
  6586 | D:6      | Noticed an elephant
  6590 | D:6      | Slain by an elephant

Action                   |  1- 3 |  4- 6 |  7- 9 || total
-------------------------+-------+-------+-------++-------
Melee: Short sword       |    62 |    26 |   115 ||   203
       Dagger            |       |   253 |   186 ||   439
       Bastard sword     |       |       |    31 ||    31
 Fire: Bow               |       |       |    16 ||    16
Throw: Stone             |       |       |     2 ||     2
Evoke: Wand              |     4 |    27 |     9 ||    40
       Deck              |     9 |     5 |    36 ||    50
  Use: Scroll            |     4 |     8 |       ||    12
       Potion            |       |       |     2 ||     2
 Stab: Sleeping          |     2 |     2 |     2 ||     6
       Held in net/web   |       |     2 |     1 ||     3
